 Dungeon Crawl Stone Soup version 0.29.1-4-g47bece8355 (webtiles) character file.

Game seed: 6166026952428604471

101 p00ps00p the Trooper (level 4, -2/61 HPs)
             Began as a Hill Orc Fighter on Dec 2, 2022.
             Succumbed to Robin's poison
             ... on level 3 of the Dungeon.
             The game lasted 00:03:55 (3013 turns).

p00ps00p the Trooper (Hill Orc Fighter)             Turns: 3013, Time: 00:03:56

Health: -2/61      AC:  9    Str: 20    XL:     4   Next: 75%
Magic:  4/4        EV:  7    Int:  8    God:
Gold:   199        SH:  4    Dex: 10    Spells: 3/3 levels left

rFire   . . .      SeeInvis .   a - +0 war axe
rCold   . . .      Faith    .   c - +0 buckler
rNeg    . . .      Spirit   .   i - +0 chain mail
rPois   .          Reflect  .   (no helmet)
rElec   .          Harm     .   (no cloak)
rCorr   .          Rampage  .   (no gloves)
Will    .....                   (no boots)
Stlth   ..........              (no amulet)
HPRegen 0.20/turn               (no ring)
MPRegen 0.09/turn               (no ring)

@: mighty, berserking, lethally poisoned (-2 -> -24), very quick
A: no striking features
a: no special abilities


You were on level 3 of the Dungeon.
You visited 1 branch of the dungeon, and saw 3 of its levels.

You collected 199 gold pieces.

Inventory:

Hand Weapons
 a - a +0 war axe (weapon)
Missiles
 l - 6 poisoned darts (quivered)
Armour
 b - a +0 scale mail
 c - a +0 buckler (worn)
 i - a +0 chain mail (worn)
Scrolls
 f - 2 scrolls of enchant armour {unknown}
 g - 3 scrolls of noise
 h - 2 scrolls of identify
 j - 2 scrolls of amnesia
 k - 2 scrolls of teleportation
Potions
 d - 3 potions of might
 m - a potion of flight {unknown}


   Skills:
 + Level 4.4 Fighting
 + Level 4.0 Axes
 + Level 4.0 Armour
 + Level 4.0 Shields


You had 3 spell levels left.
You didn't know any spells.
Your spell library contained the following spells:

 Spells                   Type           Power      Damage    Failure   Level
 Inner Flame              Hex/Fire       0%         N/A       100%        3
 Cause Fear               Hex            0%         N/A       100%        4
 Discord                  Hex            0%         N/A       100%        8


Dungeon Overview and Level Annotations

Branches:
Dungeon (3/15)

Altars:

Annotations:
D:3 Robin


Message History

You hit the goblin.
You kill the goblin!
Robin hits you but does no damage. Robin barely misses you.
You hit Robin.
Robin is moderately wounded.
Robin hits you with a +2 spear of venom.
You are poisoned.
Unknown command.
You barely miss Robin.
Robin is moderately wounded.
You feel very sick. Robin hits you but does no damage.
You are more poisoned.
Unknown command.
You barely miss Robin.
Robin is moderately wounded.
You feel very sick.
Robin hits you with a +2 spear of venom.
You are more poisoned.
Robin closely misses you.
You closely miss Robin.
Robin is moderately wounded.
You feel very sick. You block Robin's attack.
You hit Robin but do no damage.
Robin is moderately wounded.
* * * LOW HITPOINT WARNING * * *
You feel very sick.
Robin hits you with a +2 spear of venom.
* * * LOW HITPOINT WARNING * * *
You are more poisoned.
You feel very mighty all of a sudden.
* * * LOW HITPOINT WARNING * * *
You feel very sick. Robin hits you but does no damage.
You are more poisoned.
It was a potion of berserk rage.
A red film seems to cover your vision as you go berserk!
You feel yourself moving faster!
You feel mighty!
You die...

#....#######
####.#.....#
#.#.#
.#.#...#.###
#.#.# .........#
# #.#.#
#.#.#.#..#
#.#...#
)........#
#.#...#
#.#.#.#.## #....#
........#
##.)#######.
#.#.#.#.#
#..)@gggg...
........#
##.#)###g####
#.#.#.#.####..#.#
........##...##/#
#<####..##.####.#
..# ##....# #.#
... ###..# ..#
###. #..># ###
#.###


You could see Robin, 2 hobgoblins and 2 goblins.

Vanquished Creatures
  3 adders
  A dart slug (D:1)
  3 orcs (D:3)
  9 endoplasms
  3 giant cockroaches
  12 goblins
  4 hobgoblins
  4 quokkas
  3 ball pythons
  8 bats
  3 frilled lizards
  5 kobolds
  7 rats
65 creatures vanquished.

Notes
Turn   | Place    | Note
-------+----------+-------------------------------------------
     0 | D:1      | p00ps00p the Hill Orc Fighter began the quest for the Orb.
     0 | D:1      | Reached XP level 1. HP: 19/19 MP: 1/1
   129 | D:1      | Reached XP level 2. HP: 21/27 MP: 2/2
   726 | D:1      | Found a faded altar of an unknown god.
   738 | D:1      | Reached XP level 3. HP: 33/33 MP: 3/3
  1808 | D:2      | Reached XP level 4. HP: 31/40 MP: 4/4
  2997 | D:3      | Noticed Robin
  3012 | D:3      | HP: 2/41 [poisoned by Robin]
  3013 | D:3      | Succumbed to Robin's poison

Illustrated notes

Levels and vault maps discovered:
D:1:      minmay_arrival_three_doors, layout_loops_ring,
          shapermc_ecumenical_altar_mp_vishouse, nrook_mini_backslash,
          minmay_split_cup_large
D:2:      layout_loops_corners
D:3:      layout_basic, serial_co_window_serial, co_window_paths_a,
          co_window_of_opportunity_a, co_window_paths_b, co_window_corner_a,
          co_window_paths_b, co_window_broadway_a, co_window_broadway_c,
          co_window_2corner, co_window_corner_ca, co_window_2corner,
          co_window_4corner_b, co_window_paths_d, glass_columns_c,
          glass_columns_b, glass_columns_a, glass_columns_c, uniq_robin,
          uniq_jessica

Skill      XL: |  1  2  3  4 |
---------------+-------------+-----
Axes           | 3 4 |  4.0
Fighting       | 4 |  4.4
Shields        | 4 |  4.0
Armour         | 4 |  4.0

Action                   |  1- 3 |  4- 6 || total
-------------------------+-------+-------++-------
Melee: War axe           |   126 |    52 ||   178
  Use: Scroll            |     5 |       ||     5
       Potion            |       |     2 ||     2
Armor: Scale mail        |    12 |       ||    12
       Chain mail        |   103 |    42 ||   145
Dodge: Dodged            |    53 |    25 ||    78
Block: Buckler           |    47 |    15 ||    62
